 Dungeon Crawl Stone Soup version 0.22.1-2-g9c5b331 (webtiles) character file.

972 havocjr2 the Ducker (level 8, -1/63 HPs)
             Began as a Gnoll Gladiator on Dec 14, 2018.
             Was a Follower of Ashenzari.
             Shot with an arrow by a centaur (13 damage)
             ... on level 6 of the Dungeon.
             The game lasted 00:26:19 (3488 turns).

havocjr2 the Ducker (Gnoll Gladiator)               Turns: 3488, Time: 00:26:19

Health: -1/63      AC: -5    Str: 18    XL:     8   Next: 16%
Magic:  12/12      EV: 16    Int: 10    God:    Ashenzari [*.....]
Gold:   359        SH:  0    Dex: 18    Spells: 13/13 levels left

rFire    + . .     SeeInvis .   a - +0 long sword (curse)
rCold    . . .     Gourm    .   (no shield)
rNeg     . . .     Faith    .   i - +0 ring mail (curse)
rPois    +         Spirit   .   c - +0 helmet (curse)
rElec    .         Reflect  .   (no cloak)
rCorr    .         Harm     .   (no gloves)
MR       .....                  (no boots)
Stlth    ++........             (no amulet)
HPRegen  0.20/turn              j - ring of poison resistance (curse)
MPRegen  0.13/turn              E - ring of protection from fire (curse)

@: corroded
A: distributed training, fangs 1, strong nose
a: Curse Item, Scrying, Renounce Religion


You were on level 6 of the Dungeon.
You worshipped Ashenzari.
Ashenzari was aware of your devotion.
You were not hungry.

You visited 1 branch of the dungeon, and saw 6 of its levels.

You collected 359 gold pieces.

Inventory:

Hand Weapons
 a - a cursed +0 long sword (weapon)
 s - a +0 falchion
 z - a +1 dagger of chaos
Missiles
 d - 2 throwing nets (quivered)
 h - 85 stones
 l - 17 tomahawks
 D - 7 needles of frenzy
Armour
 b - a +0 leather armour
 c - a cursed +0 helmet (worn)
 i - a cursed +0 ring mail (worn)
 m - a +0 scale mail
 w - a +0 chain mail
Jewellery
 j - a cursed ring of poison resistance (left hand)
 E - a cursed ring of protection from fire (right hand)
Wands
 u - a wand of enslavement (14)
 B - a wand of iceblast (5)
 F - a wand of paralysis (18)
Scrolls
 e - 4 scrolls of identify
 p - 4 scrolls of remove curse
 y - 2 scrolls of fear
Potions
 g - a potion of degeneration {unknown}
 k - 2 potions of ambrosia
 n - 4 potions of flight {unknown}
 o - a potion of agility {unknown}
 r - a potion of haste
 t - 3 potions of heal wounds {unknown}
 v - a potion of curing
 x - a potion of might {unknown}
 A - a potion of cancellation {unknown}
 G - a potion of magic {unknown}
Comestibles
 f - 8 rations
 C - 5 chunks of flesh


   Skills:
 + Level 5.5 Fighting
 + Level 3.0 Short Blades
 + Level 7.2 Long Blades
 + Level 3.0 Axes
 + Level 3.0 Maces & Flails
 + Level 3.0 Polearms
 + Level 3.0 Staves
 + Level 3.0 Slings
 + Level 3.0 Bows
 + Level 3.0 Crossbows
 + Level 5.5 Throwing
 + Level 3.0 Armour
 + Level 7.2 Dodging
 + Level 3.0 Stealth
 + Level 3.0 Shields
 + Level 3.0 Unarmed Combat
 + Level 3.0 Spellcasting
 + Level 2.4 Conjurations
 + Level 2.4 Hexes
 + Level 2.4 Charms
 + Level 2.4 Summonings
 + Level 2.4 Necromancy
 + Level 2.4 Translocations
 + Level 2.4 Transmutations
 + Level 2.4 Fire Magic
 + Level 2.4 Ice Magic
 + Level 2.4 Air Magic
 + Level 2.4 Earth Magic
 + Level 2.4 Poison Magic
 + Level 3.2 Invocations
 + Level 3.0 Evocations


You had 13 spell levels left.
You didn't know any spells.
Your spell library was empty.

Dungeon Overview and Level Annotations

Branches:
Dungeon (6/15)             Temple (0/1) D:5

Altars:
Ashenzari
Elyvilon
Fedhas
Kikubaaqudgha
Makhleb
Ru
Sif Muna
Xom


Innate Abilities, Weirdness & Mutations

Your experience applies equally to all skills.
You have very sharp teeth.
Your uncanny sense of smell can sniff out nearby items.


Message History

The jelly is heavily wounded.
The jelly hits you. The acid corrodes you!
You are splashed with acid!
The acid burns!
You hit the jelly but do no damage. The acid corrodes you!
Your hands burn!
The jelly is heavily wounded.
The jelly misses you.
You hit the jelly but do no damage.
Your hands burn!
You bite the jelly, but do no damage.
The jelly is heavily wounded.
The centaur shoots an arrow.
The arrow misses you. The jelly misses you.
You hit the jelly but do no damage. The acid corrodes you!
Your hands burn!
You bite the jelly, but do no damage.
The jelly is heavily wounded.
The centaur shoots an arrow.
The arrow hits you! The jelly hits you.
You are splashed with acid!
The acid burns!
* * * LOW HITPOINT WARNING * * *
The centaur shoots an arrow.
The arrow hits you.
* * * LOW HITPOINT WARNING * * *
The centaur shoots an arrow.
The arrow hits you!
You die...

.... >(((.
####......
#.()(.....
####c#[..#.##
#.O..#O..# ###
#J#..#.(.# #..
#.#..#.....
###.####.@..##..###
........##.###..#
###.###.##......#
#..?.........
#####..###.....
##.# ..... #.##
.... #..# #.## ##.#


You could see a centaur and a jelly.

Vanquished Creatures
  Sigmund (D:4)
  An ice beast (D:4)
  A centaur (D:2)
  A bullfrog (D:6)
  Blork the orc (D:6)
  4 wights (D:6)
  A crimson imp (D:3)
  An orc priest (D:5)
  Jessica (D:3)
  An iguana (D:6)
  An orc wizard (D:5)
  2 worker ants
  2 worker ant zombies (D:5)
  8 adders
  A shadow imp (D:5)
  An adder skeleton (D:4)
  A worm (D:3)
  17 orcs
  2 giant cockroaches
  2 goblins (D:2)
  2 hobgoblins (D:1)
  3 jackals (D:5)
  5 kobolds
  2 quokkas (D:4)
  5 bats
  2 frilled lizards
  4 rats
  A rat zombie (D:4)
74 creatures vanquished.

Notes
Turn   | Place    | Note
-------+----------+-------------------------------------------
     0 | D:1      | havocjr2 the Gnoll Gladiator began the quest for the Orb.
     0 | D:1      | Reached XP level 1. HP: 20/20 MP: 1/1
   287 | D:1      | Reached XP level 2. HP: 26/26 MP: 2/2
   667 | D:2      | Reached XP level 3. HP: 24/31 MP: 3/3
   748 | D:2      | Found a sacrificial altar of Ru.
   892 | D:2      | Noticed a centaur
   913 | D:2      | Killed a centaur
   913 | D:2      | Reached skill level 1 in Short Blades
   913 | D:2      | Reached skill level 1 in Axes
   913 | D:2      | Reached skill level 1 in Maces & Flails
   913 | D:2      | Reached skill level 1 in Polearms
   913 | D:2      | Reached skill level 1 in Staves
   913 | D:2      | Reached skill level 1 in Slings
   913 | D:2      | Reached skill level 1 in Bows
   913 | D:2      | Reached skill level 1 in Crossbows
   913 | D:2      | Reached skill level 1 in Armour
   913 | D:2      | Reached skill level 1 in Stealth
   913 | D:2      | Reached skill level 1 in Shields
   913 | D:2      | Reached skill level 1 in Unarmed Combat
   913 | D:2      | Reached skill level 1 in Spellcasting
   913 | D:2      | Reached skill level 1 in Conjurations
   913 | D:2      | Reached skill level 1 in Hexes
   913 | D:2      | Reached skill level 1 in Charms
   913 | D:2      | Reached skill level 1 in Summonings
   913 | D:2      | Reached skill level 1 in Necromancy
   913 | D:2      | Reached skill level 1 in Translocations
   913 | D:2      | Reached skill level 1 in Transmutations
   913 | D:2      | Reached skill level 1 in Fire Magic
   913 | D:2      | Reached skill level 1 in Ice Magic
   913 | D:2      | Reached skill level 1 in Air Magic
   913 | D:2      | Reached skill level 1 in Earth Magic
   913 | D:2      | Reached skill level 1 in Poison Magic
   913 | D:2      | Reached skill level 1 in Invocations
   913 | D:2      | Reached skill level 1 in Evocations
   913 | D:2      | Reached XP level 4. HP: 9/38 MP: 3/5
  1164 | D:2      | Found a shattered altar of Ashenzari.
  1213 | D:2      | Became a worshipper of Ashenzari the Shackled
  1416 | D:3      | Reached XP level 5. HP: 41/43 MP: 6/6
  1494 | D:3      | Noticed Jessica
  1496 | D:3      | Killed Jessica
  1807 | D:3      | Found a burning altar of Makhleb.
  1807 | D:3      | Found a shimmering altar of Xom.
  2049 | D:4      | Found a deep blue altar of Sif Muna.
  2116 | D:4      | Found a blossoming altar of Fedhas.
  2123 | D:4      | Reached XP level 6. HP: 50/50 MP: 8/8
  2161 | D:4      | Noticed Sigmund
  2177 | D:4      | Killed Sigmund
  2177 | D:4      | Reached skill level 5 in Fighting
  2177 | D:4      | Reached skill level 5 in Throwing
  2547 | D:4      | Found an ancient bone altar of Kikubaaqudgha.
  2662 | D:5      | Entered Level 5 of the Dungeon
  2675 | D:5      | Reached * piety under Ashenzari
  2676 | D:5      | Reached XP level 7. HP: 56/56 MP: 10/10
  2688 | D:5      | Found a staircase to the Ecumenical Temple.
  3133 | D:5      | Found a white marble altar of Elyvilon.
  3374 | D:6      | Reached XP level 8. HP: 48/63 MP: 12/12
  3462 | D:6      | Noticed Blork the orc
  3467 | D:6      | Killed Blork the orc
  3488 | D:6      | Shot with an arrow by a centaur

Skill      XL: |  1  2  3  4  5  6  7  8 |
---------------+-------------------------+-----
Short Blades   | 1 2 3 |  3.0
Axes           | 1 2 3 |  3.0
Maces & Flails | 1 2 3 |  3.0
Polearms       | 1 2 3 |  3.0
Staves         | 1 2 3 |  3.0
Slings         | 1 2 3 |  3.0
Bows           | 1 2 3 |  3.0
Crossbows      | 1 2 3 |  3.0
Armour         | 1 2 3 |  3.0
Stealth        | 1 2 3 |  3.0
Shields        | 1 2 3 |  3.0
Unarmed Combat | 1 2 3 |  3.0
Spellcasting   | 1 2 3 |  3.0
Conjurations   | 1 2 |  2.4
Hexes          | 1 2 |  2.4
Charms         | 1 2 |  2.4
Summonings     | 1 2 |  2.4
Necromancy     | 1 2 |  2.4
Translocations | 1 2 |  2.4
Transmutations | 1 2 |  2.4
Fire Magic     | 1 2 |  2.4
Ice Magic      | 1 2 |  2.4
Air Magic      | 1 2 |  2.4
Earth Magic    | 1 2 |  2.4
Poison Magic   | 1 2 |  2.4
Invocations    | 1 2 3 |  3.2
Evocations     | 1 2 3 |  3.0
Fighting       | 5 |  5.5
Throwing       | 5 |  5.5
Long Blades    | 7 |  7.2
Dodging        | 7 |  7.2

Action                   |  1- 3 |  4- 6 |  7- 9 || total
-------------------------+-------+-------+-------++-------
Melee: Long sword        |    40 |    60 |    83 ||   183
       Bite              |     7 |    14 |    13 ||    34
       Punch             |       |     3 |     3 ||     6
Throw: Javelin           |     4 |     6 |    12 ||    22
       Tomahawk          |       |     1 |    15 ||    16
       Throwing net      |       |       |     1 ||     1
Invok: Curse Item        |       |     4 |     1 ||     5
Evoke: Wand              |       |       |     3 ||     3
  Use: Scroll            |     6 |       |     2 ||     8
 Stab: Distracted        |       |     1 |       ||     1
       Sleeping          |       |     1 |       ||     1
  Eat: Chunk             |       |     5 |     3 ||     8
Armor: Ring mail         |    10 |    15 |    12 ||    37
Dodge: Dodged            |    42 |    51 |    68 ||   161
       Rpst.: Long sword |    13 |    25 |    19 ||    57
